 Dungeon Crawl Stone Soup version 0.20.0-8-g6b59dc7 (webtiles) character file.

623 shmeve the Shield-Bearer (level 7, -5/61 HPs)
             Began as a Minotaur Fighter on June 2, 2017.
             Slain by an orc warrior
             ... wielding a +0 scimitar
              (6 damage)
             ... on level 4 of the Dungeon.
             The game lasted 00:05:29 (2337 turns).

shmeve the Shield-Bearer (Minotaur Fighter)         Turns: 2337, Time: 00:05:29

Health: -5/61      AC:  7    Str: 23    XL:     7   Next: 22%
Magic:  6/6        EV:  9    Int:  5    God:
Gold:   125        SH: 10    Dex:  9    Spells: 6/6 levels left

rFire    . . .     SeeInvis .   a - +0 war axe
rCold    . . .     Gourm    .   c - +0 shield
rNeg     . . .     Faith    .   b - +0 scale mail
rPois    .         Spirit   .   (helmet restricted)
rElec    .         Reflect  .   (no cloak)
rCorr    .         Harm     .   (no gloves)
MR       .....                  (no boots)
Stlth    ..........             (no amulet)
Regen    0.2/turn               (no ring)
MPRegen  0.1/turn               (no ring)

@: no status effects
A: retaliatory headbutt, horns 2
a: no special abilities


You were on level 4 of the Dungeon.
You were not hungry.

You visited 1 branch of the dungeon, and saw 4 of its levels.

You collected 125 gold pieces.

Inventory:

Hand Weapons
 a - a +0 war axe (weapon)
Armour
 b - a +0 scale mail (worn)
 c - a +0 shield (worn)
Scrolls
 e - a scroll of recharging {unknown}
 g - 2 scrolls of amnesia {unknown}
 i - 2 scrolls of teleportation {unknown}
 j - 2 scrolls of remove curse {unknown}
 l - a scroll of immolation {unknown}
 m - a scroll of fog {unknown}
 q - a scroll of magic mapping {unknown}
 r - a scroll of random uselessness {unknown}
 s - a scroll of identify {unknown}
Potions
 d - 2 potions of mutation {unknown}
 n - a potion of haste {unknown}
 o - 3 potions of curing {unknown}
Comestibles
 f - 3 bread rations
 h - 2 meat rations
 p - 2 fruits


   Skills:
 * Level 5.5 Fighting
 * Level 4.7 Axes
 + Level 2.6 Throwing
 + Level 4.8 Armour
 + Level 2.7 Dodging
 * Level 5.6 Shields


You had 6 spell levels left.
You didn't know any spells.

Dungeon Overview and Level Annotations

Branches:
Dungeon (4/15)
 Temple: D:4-7

Altars:

Shops:
D:4 *


Innate Abilities, Weirdness & Mutations

You reflexively headbutt those who attack you in melee.
You have a pair of horns on your head.


Message History

You closely miss the orc. You slash the frilled lizard!
You kill the frilled lizard!
The orc hits you but does no damage. The orc warrior barely misses you.
The orc hits you with a flail!
You closely miss the orc warrior.
The orc warrior is moderately wounded.
You closely miss the orc. You block the orc warrior's attack.
The orc hits you with a flail.
You hit the orc warrior but do no damage.
The orc warrior is moderately wounded.
You hit the orc.
The orc warrior hits you with a scimitar!!
* * * LOW HITPOINT WARNING * * *
The orc hits you with a flail.
* * * LOW HITPOINT WARNING * * *
You hit the orc warrior.
The orc warrior is heavily wounded.
Your shield prevents you from hitting the orc.
The orc warrior hits you with a scimitar.
You die...

#........<..#...........#
#...........#...........#
....###...##...##...###
#### ##+####...##...#
...........#...#
...........#>..+
...........# ..#
##...##.).o# #... #.)@##
#.. #..o# #.( #.... #.
#..... #...... #.......
#...##... #...# ...#


You could see an orc warrior and an orc.

Vanquished Creatures
  Sigmund (D:2)
  The ghost of experimilk the Skirmisher, an amateur MfSk (D:3)
  A water moccasin (D:4)
  An ogre (D:4)
  A gnoll (D:1)
  4 adders
  An ooze (D:1)
  2 worms (D:3)
  5 dart slugs
  4 leopard geckos
  4 orcs
  2 ball pythons
  9 bats
  4 giant cockroaches
  3 hobgoblins
  6 jackals
  6 kobolds
  A quokka (D:3)
  6 frilled lizards
  6 goblins
  7 rats
75 creatures vanquished.

Notes
Turn   | Place    | Note
-------+----------+-------------------------------------------
     0 | D:1      | shmeve the Minotaur Fighter began the quest for the Orb.
     0 | D:1      | Reached XP level 1. HP: 19/19 MP: 0/0
    66 | D:1      | You fall through a shaft!
    78 | D:2      | Reached XP level 2. HP: 19/27 MP: 1/1
   159 | D:2      | Noticed Sigmund
   167 | D:2      | Killed Sigmund
   167 | D:2      | Reached skill level 1 in Throwing
   167 | D:2      | Reached skill level 1 in Dodging
   167 | D:2      | Reached XP level 3. HP: 5/34 MP: 2/2
   167 | D:2      | Reached XP level 4. HP: 6/41 MP: 3/3
   167 | D:2      | Reached XP level 5. HP: 7/47 MP: 4/4
  1346 | D:3      | Noticed experimilk's ghost (amateur MfSk)
  1369 | D:3      | Killed experimilk's ghost
  1369 | D:3      | Reached skill level 5 in Fighting
  1369 | D:3      | Reached skill level 5 in Shields
  1369 | D:3      | Reached XP level 6. HP: 18/56 MP: 5/5
  2061 | D:4      | Found Jyluqaont's Serpentskin Sales.
  2061 | D:4      | Noticed a water moccasin
  2075 | D:4      | Killed a water moccasin
  2075 | D:4      | Reached XP level 7. HP: 33/61 MP: 6/6
  2336 | D:4      | HP: 2/61 [orc warrior/scimitar (19)]
  2337 | D:4      | Slain by an orc warrior

Skill      XL: |  1  2  3  4  5 |
---------------+----------------+-----
Fighting       | 4 5 |  5.5
Axes           | 3 4 |  4.7
Throwing       | 1 2 |  2.6
Armour         | 4 |  4.8
Dodging        | 1 2 |  2.7
Shields        | 4 5 |  5.6

Action                   |  1- 3 |  4- 6 |  7- 9 || total
-------------------------+-------+-------+-------++-------
Melee: War axe           |    20 |   143 |    17 ||   180
       Headbutt          |     5 |    15 |     1 ||    21
  Use: Potion            |     1 |       |       ||     1
  Eat: Chunk             |       |     4 |     1 ||     5
Armor: Scale mail        |     7 |    79 |     5 ||    91
Dodge: Dodged            |     6 |    53 |    12 ||    71
Block: Shield            |    12 |    97 |    10 ||   119
